 Dungeon Crawl Stone Soup version 0.17.1-2-g5865329 (webtiles) character file.

16648 FortyThree the Bludgeoner (level 12, -15/128 HPs)
             Began as an Ogre Berserker on Jan 30, 2016.
             Was an Elder of Trog.
             Killed from afar by an ice statue (21 damage)
             ... with a bolt of cold
             ... in an ice cave.
             The game lasted 00:34:00 (15784 turns).

FortyThree the Bludgeoner (Ogre Berserker)         Turns: 15784, Time: 00:34:01

Health: -15/128    AC: 12    Str: 25    XL:     12   Next: 39%
Magic:  12/12      EV: 12    Int:  6    God:    Trog [****..]
Gold:   142        SH:  0    Dex: 13    Spells: 0 memorised, 11 levels left

rFire  . . .     SeeInvis +     s - +0 giant spiked club
rCold  . . .     Clarity  .     G - +0 swamp dragon armour
rNeg   . . .     SustAt   .     (shield currently unavailable)
rPois  +         Gourm    .     (helmet restricted)
rElec  .         Spirit   .     x - +2 cloak
rCorr  .         Warding  .     (gloves unavailable)
rMut   .         Stasis   .     (boots unavailable)
MR     +++..                    (no amulet)
Stlth  ..........               I - ring of see invisible
                                c - ring of loudness (curse)

@: regenerating, extremely resistant to hostile enchantments, extremely
unstealthy
A: unfitting armour, tough skin 1
a: Berserk, Trog's Hand, Brothers in Arms, Burn Spellbooks, Renounce Religion


You were in an ice cave.
You worshipped Trog.
Trog was greatly pleased with you.
You were very hungry.

You visited 2 branches of the dungeon, and saw 12 of its levels.
You also visited: Ice Cave.

You collected 692 gold pieces.
You spent 550 gold pieces at shops.

Inventory:

Hand Weapons
 s - a +0 giant spiked club (weapon)
 u - a +0 giant club
 v - a +0 morningstar
Missiles
 m - 6 silver javelins
 F - 2 large rocks (quivered)
Armour
 b - a +0 animal skin
 x - a +2 cloak (worn)
 G - a +0 swamp dragon armour (worn)
Jewellery
 c - a cursed ring of loudness (left hand)
 B - an uncursed ring of magical power
 I - a ring of see invisible (right hand)
Wands
 a - a wand of cold (7)
 e - a wand of teleportation (3)
 h - a wand of digging (6)
 y - a wand of frost (48)
 z - a wand of random effects (33)
 H - a wand of teleportation (3)
 J - a wand of flame (42)
 L - a wand of fire (3)
 M - a wand of fire (5)
Scrolls
 f - 4 scrolls of identify
 i - 4 scrolls of recharging
 j - a scroll of fear {unknown}
 k - 3 scrolls of remove curse
 n - 5 scrolls of teleportation
 q - a scroll of fog
 t - a scroll of summoning {unknown}
 A - a scroll of magic mapping
 E - a scroll of enchant armour
Potions
 d - a potion of might {unknown}
 l - 2 potions of agility
 o - 2 potions of brilliance {unknown}
 p - 3 potions of ambrosia
 r - 5 potions of haste
 w - 2 potions of cure mutation
 C - a potion of poison {unknown}
 D - a potion of flight {unknown}
 K - a potion of mutation {unknown}
Comestibles
 g - 5 meat rations


   Skills:
 - Level 10.8 Fighting
 - Level 18.3 Maces & Flails
 - Level 3.6 Throwing
 + Level 4.9 Armour
 + Level 7.6 Dodging


You had 11 spell levels left.
You didn't know any spells.

Dungeon Overview and Level Annotations

Branches:
Dungeon (10/15)            Temple (0/1) D:4            Lair (2/8) D:10
    Orc (0/4) D:10

Altars:
Gozag
Kikubaaqudgha
Makhleb
Nemelex Xobeh
Qazlal
Sif Muna
Trog
Vehumet
Xom
The Shining One

Shops:
D:10 [(**(

Annotations:
IceCv exclusion: ice statue


Innate Abilities, Weirdness & Mutations

You are too large for most types of armour.
You have tough skin (AC +1).


Message History

Found a long smoking rod.
The ice statue throws cold at you. The bolt of cold misses you.
You bludgeon the ice statue!!
The ice statue is heavily damaged.
The ice statue throws cold at you. The freezing blast engulfs you!
You hit the ice statue but do no damage.
The ice statue is heavily damaged.
You are engulfed in freezing vapours.
The ice statue throws ice at you. The shard of ice hits you!
* * * LOW HITPOINT WARNING * * *
You bludgeon the ice statue!!
The ice statue is almost destroyed.
You are engulfed in freezing vapours.
* * * LOW HITPOINT WARNING * * *
The ice statue throws cold at you. The bolt of cold hits you!
You die...

## #.#
####§§#..#
##.§@8..#
##.§§§§##\#
#..##§##
#..#####
#.####.##
#..#....#
##......##
#...###..##
##.#####..##


You could see an ice statue.

Vanquished Creatures
  Gastronok (D:9)
  Erolcha (D:10)
  Harold (D:10)
  A hydra (Lair:1)
  Sonja (D:10)
  A centaur zombie (D:10)
  3 spiny frogs (Lair:1)
  Maurice (D:8)
  Joseph (D:10)
  A komodo dragon (Lair:1)
  3 polar bears (IceCv)
  A troll (D:7)
  A two-headed ogre (D:10)
  Grinder (D:5)
  Prince Ribbit (D:8)
  The ghost of xeno23 the Charmwright, an amateur HESk (D:3)
  3 yaks (IceCv)
  A deep elf mage (D:10)
  Eustachio (D:5)
  5 hippogriffs
  Grum (D:8)
  A hungry ghost (D:9)
  2 wargs (D:10)
  6 wolves
  3 water moccasins (Lair:1)
  2 porcupines (Lair:1)
  A phantom (D:10)
  6 orc warriors
  3 sky beasts
  4 centaurs
  2 black bears
  A necrophage (D:9)
  A wasp (D:10)
  An ice beast (D:8)
  A crocodile (Lair:2)
  8 ogres
  Blork the orc (D:6)
  15 giant frogs
  A water moccasin skeleton (D:7)
  6 scorpions
  5 crimson imps
  A quasit (D:9)
  2 jellies
  A centaur skeleton (D:8)
  A giant frog skeleton (D:5)
  7 orc wizards
  8 orc priests
  3 hounds
  4 iguanas
  7 worker ants
  A hound zombie (D:5)
  A worker ant zombie (D:9)
  11 adders
  3 gnolls (D:6)
  2 river rats (Lair:2)
  A shadow imp (D:8)
  12 white imps (Lair:2)
  2 oozes
  2 adder skeletons
  7 worms
  4 giant geckos
  39 orcs
  8 bats
  8 goblins
  5 hobgoblins
  11 jackals
  2 kobolds
  3 quokkas
  6 giant cockroaches
  8 giant newts
  A jackal skeleton (D:4)
  3 quokka skeletons
  6 rats
281 creatures vanquished.

Vanquished Creatures (collateral kills)
  2 spiny frogs (Lair:1)
  A porcupine (Lair:1)
3 creatures vanquished.

Grand Total: 284 creatures vanquished

Notes
Turn   | Place    | Note
--------------------------------------------------------------
     0 | D:1      | FortyThree the Ogre Berserker began the quest for the Orb.
     0 | D:1      | Reached XP level 1. HP: 24/24 MP: 1/1
    98 | D:1      | Reached XP level 2. HP: 19/33 MP: 2/2
  1150 | D:2      | Found an opulent altar of Gozag.
  1160 | D:2      | Reached XP level 3. HP: 41/41 MP: 3/3
  1462 | D:2      | Reached skill level 5 in Fighting
  1596 | D:3      | Noticed xeno23's ghost (amateur HESk)
  1609 | D:2      | Reached ** piety under Trog
  1722 | D:2      | Reached skill level 5 in Maces & Flails
  2167 | D:3      | Reached XP level 4. HP: 40/50 MP: 4/4
  2307 | D:3      | Killed xeno23's ghost
  2307 | D:3      | Reached skill level 6 in Fighting
  2307 | D:3      | Reached XP level 5. HP: 61/61 MP: 5/5
  2307 | D:3      | Reached XP level 6. HP: 68/68 MP: 6/6
  2593 | D:3      | Found an ancient bone altar of Kikubaaqudgha.
  2976 | D:3      | Found a deep blue altar of Sif Muna.
  3111 | D:3      | Found a burning altar of Makhleb.
  3112 | D:3      | Found a radiant altar of Vehumet.
  3116 | D:3      | Reached skill level 7 in Fighting
  3461 | D:4      | Reached XP level 7. HP: 70/79 MP: 7/7
  3511 | D:4      | Found a staircase to the Ecumenical Temple.
  3688 | D:4      | Found a sparkling altar of Nemelex Xobeh.
  3753 | D:4      | Found a shimmering altar of Xom.
  3898 | D:4      | Reached skill level 8 in Fighting
  4016 | D:5      | Entered Level 5 of the Dungeon
  4306 | D:5      | Reached *** piety under Trog
  4552 | D:5      | Reached skill level 9 in Maces & Flails
  4827 | D:5      | Noticed Grinder
  4850 | D:5      | Killed Grinder
  4850 | D:5      | Reached XP level 8. HP: 62/92 MP: 8/8
  5028 | D:5      | Noticed Eustachio
  5059 | D:5      | Killed Eustachio
  5059 | D:5      | Reached skill level 10 in Maces & Flails
  5125 | D:5      | Reached skill level 10 in Fighting
  5788 | D:6      | Reached skill level 11 in Maces & Flails
  5889 | D:6      | Reached XP level 9. HP: 83/101 MP: 9/9
  6148 | D:6      | Reached skill level 12 in Maces & Flails
  6707 | D:6      | Noticed Blork the orc
  6716 | D:6      | Killed Blork the orc
  6837 | D:6      | Noticed a moth of wrath
  6839 | D:6      | Found a bloodstained altar of Trog.
  6861 | D:6      | Reached **** piety under Trog
  6956 | D:6      | Reached skill level 13 in Maces & Flails
  7731 | D:7      | Found a sparkling altar of Nemelex Xobeh.
  8132 | D:7      | Reached skill level 14 in Maces & Flails
  8944 | D:8      | Noticed Prince Ribbit
  9127 | D:8      | Reached skill level 15 in Maces & Flails
  9127 | D:8      | Reached XP level 10. HP: 81/110 MP: 10/10
  9307 | D:8      | Found a glowing golden altar of the Shining One.
  9318 | D:8      | Received a gift from Trog
 10072 | D:8      | Reached skill level 16 in Maces & Flails
 10085 | D:8      | Found a stormy altar of Qazlal.
 10094 | D:8      | Killed Prince Ribbit
 10280 | D:8      | Noticed Grum
 10300 | D:8      | Killed Grum
 10355 | D:8      | Noticed Maurice
 10371 | D:8      | Killed Maurice
 10786 | D:9      | Reached skill level 17 in Maces & Flails
 11027 | D:9      | Noticed Gastronok
 11039 | D:9      | Killed Gastronok
 11039 | D:9      | Reached skill level 18 in Maces & Flails
 11039 | D:9      | Reached XP level 11. HP: 117/117 MP: 11/11
 11260 | D:10     | Entered Level 10 of the Dungeon
 11267 | D:10     | Paralysed by a wasp for 2 turns
 11269 | D:10     | Reached skill level 1 in Throwing
 11406 | D:10     | Noticed Sonja
 11825 | D:10     | Killed Sonja
 12163 | D:10     | Noticed Joseph
 12190 | D:10     | Killed Joseph
 12613 | D:10     | Found Bakh's Weapon Shop.
 12615 | D:10     | Found a staircase to the Orcish Mines.
 12709 | D:10     | Noticed Harold
 12722 | D:10     | Killed Harold
 12722 | D:10     | Reached skill level 5 in Dodging
 12841 | D:10     | Found Ehogg's Assorted Antiques.
 12860 | D:10     | Found Rodghop's Antique Weapon Boutique.
 12894 | D:10     | Found Josm's Armour Shoppe.
 12959 | D:10     | Received a gift from Trog
 13074 | D:10     | Bought a +0 swamp dragon armour for 550 gold pieces
 13199 | D:10     | Found Deklodinn's Assorted Antiques.
 13215 | D:10     | Found a staircase to the Lair.
 13343 | D:10     | Noticed Erolcha
 13352 | D:10     | Killed Erolcha
 13352 | D:10     | Reached skill level 1 in Armour
 13490 | Lair:1   | Entered Level 1 of the Lair of Beasts
 13494 | Lair:1   | Noticed a four-headed hydra
 13504 | Lair:1   | Killed a four-headed hydra
 13764 | Lair:1   | Reached XP level 12. HP: 80/128 MP: 12/12
 15201 | Lair:2   | Found a frozen archway.
 15220 | IceCv    | Entered an ice cave
 15784 | IceCv    | HP: 5/128 [ice statue] (21)]
 15784 | IceCv    | Killed from afar by an ice statue

Action                   |  1- 3 |  4- 6 |  7- 9 | 10-12 || total
-------------------------+-------+-------+-------+-------++-------
Melee: Mace              |   112 |   106 |    46 |       ||   264
       Flail             |       |       |   233 |       ||   233
       Morningstar       |       |       |   105 |   134 ||   239
       Giant club        |       |       |       |     6 ||     6
       Giant spiked club |       |       |       |   240 ||   240
Invok: Berserk           |     1 |     1 |     3 |     5 ||    10
       Trog's Hand       |       |     1 |     2 |     9 ||    12
       Burn Spellbooks   |       |       |       |     2 ||     2
       Brothers in Arms  |       |       |       |     1 ||     1
Evoke: Wand              |       |       |       |     1 ||     1
  Use: Potion            |     1 |       |       |     4 ||     5
       Scroll            |       |       |    14 |     4 ||    18
 Stab: Sleeping          |     1 |       |     3 |       ||     4
       Distracted        |       |       |     1 |       ||     1
  Eat: Chunk             |     4 |     6 |    10 |    10 ||    30
       Bread ration      |       |       |     1 |     3 ||     4
       Fruit             |       |       |     4 |       ||     4
       Pizza             |       |       |     1 |       ||     1
       Beef jerky        |       |       |     1 |       ||     1
       Meat ration       |       |       |       |     1 ||     1
